Map: Site Delta LE

Players

Enjelickiagh

  • Race: Terran Terran
  • League: Diamond
  • Spawn Location: 11:00

VOD

Have the link to the VOD?

Description

Time

  • Played on: April 12, 2024, 10:05 a.m.
  • Length: 12:12
Show
View Real Time Build Order
Export as new Build Order

Enjelickiagh Terran 

Build Orders: Cyclone Opening 

Get SALT Encoding   

  12  0:00  SCV  
  13  0:12  SCV  
  14  0:17  Supply Depot  
  14  0:24  SCV  
  15  0:38  SCV  
  15  0:39  Barracks  
  16  0:45  Refinery  
  16  0:50  SCV  
  16  0:52  Refinery  
  17  1:02  SCV  
  18  1:14  SCV  
  19  1:27  Reaper  
  19  1:28  Orbital Command  
  20  1:33  Supply Depot  
  20  1:43  Factory  
  20  1:53  SCV  
  21  2:00  Reaper  
  22  2:05  SCV  
  23  2:17  Command Center  
  23  2:19  SCV  
  24  2:27  Cyclone  
  26  2:32  Reaper, SCV  
  28  2:42  Starport  
  29  2:44  SCV  
  29  2:52  Supply Depot  
  29  2:56  SCV  
  30  3:01  Factory Tech Lab  
  30  3:04  Barracks Reactor  
  30  3:05  Refinery  
  30  3:08  SCV  
  31  3:20  Siege Tank  
  31  3:22  SCV  
  31  3:24  Starport Tech Lab  
  35  3:29  Orbital Command  
  35  3:34  SCV  
  36  3:43  Marine x2  
  36  3:47  Raven  
  36  3:48  Supply Depot, SCV  
  40  3:55  SCV  
  40  4:01  Marine x2, SCV  
  45  4:06  Siege Tank  
  45  4:08  SCV  
  49  4:11  Interference Matrix  
  49  4:13  SCV  
  50  4:17  Supply Depot  
  50  4:20  Marine x2  
  50  4:22  SCV  
  51  4:26  Raven  
  51  4:28  SCV  
  54  4:34  SCV  
  55  4:45  Command Center  
  55  4:51  Barracks  
  55  4:55  Barracks  
  55  4:56  SCV x2  
  55  4:59  Stimpack  
  57  5:03  Factory Reactor  
  57  5:05  Raven  
  59  5:08  SCV x2  
  59  5:11  Supply Depot  
  61  5:20  SCV x2  
  63  5:23  Engineering Bay  
  63  5:25  Engineering Bay  
  63  5:29  Refinery  
  63  5:32  SCV x2  
  65  5:46  SCV x2  
  65  5:47  Marine x3  
  70  5:51  Starport Reactor  
  70  5:52  Marine x2, Siege Tank  
  70  5:55  Terran Infantry Weapons Level 1  
  70  5:56  Terran Infantry Armor Level 1  
  75  5:58  SCV x2  
  75  5:59  Orbital Command  
  75  6:07  Marine x3  
  75  6:10  SCV x2  
  82  6:12  Supply Depot  
  82  6:14  Supply Depot, Marine x2  
  84  6:22  SCV x2  
  84  6:24  Siege Tank  
  84  6:29  Medivac x2  
  93  6:34  Orbital Command, SCV x2  
  93  6:36  Marine x3  
  93  6:37  Marine  
  93  6:38  Marine  
  93  6:39  Combat Shield  
  100  6:42  Supply Depot  
  100  6:46  Supply Depot, SCV x2  
  100  6:50  Sensor Tower  
  102  6:58  Siege Tank  
  105  7:02  SCV x2  
  105  7:03  Barracks, SCV  
  105  7:04  Barracks  
  108  7:09  Armory  
  108  7:14  SCV x2  
  111  7:15  SCV  
  111  7:19  Refinery x2  
  111  7:22  Supply Depot x2  
  111  7:26  SCV x2  
  111  7:27  Medivac x2, SCV  
  118  7:30  Siege Tank  
  121  7:38  SCV x2  
  121  7:39  Marine, SCV  
  121  7:43  Marine x4  
  129  7:44  Supply Depot  
  129  7:45  Supply Depot  
  129  7:52  SCV  
  129  7:56  Terran Infantry Weapons Level 2  
  129  7:57  Viking x2  
  134  8:01  Terran Infantry Armor Level 2  
  134  8:05  Command Center  
  134  8:06  Siege Tank  
  134  8:09  Marine x4  
  134  8:12  Barracks Reactor x2  
  138  8:14  Supply Depot x2  
  138  8:27  Marine x4  
  138  8:29  Factory, Barracks Reactor  
  138  8:30  Viking x2  
  146  8:38  Siege Tank  
  149  8:45  Supply Depot, Marine x4  
  149  8:48  Supply Depot  
  153  8:49  Marine x4  
  157  9:02  Marine  
  157  9:03  Marine x2  
  157  9:06  Missile Turret  
  157  9:07  Missile Turret  
  157  9:08  Supply Depot, Marine x3  
  163  9:10  Siege Tank, Missile Turret, Viking  
  163  9:13  Viking  
  170  9:24  Siege Tank  
  170  9:28  Barracks x2  
  170  9:29  SCV x2  
  175  9:34  Barracks  
  175  9:39  SCV  
  175  9:41  SCV x2  
  175  9:42  Siege Tank  
  181  9:45  Planetary Fortress  
  181  9:47  Refinery  
  181  9:50  Sensor Tower, Viking  
  183  9:53  Viking  
  183  9:55  SCV  
  183  9:56  SCV  
  183  10:00  SCV  
  183  10:01  Terran Vehicle Weapons Level 1  
  183  10:06  Refinery  
  188  10:08  SCV x2  
  188  10:12  SCV  
  191  10:15  Siege Tank  
  191  10:16  Barracks Reactor x2  
  194  10:25  Viking  
  194  10:27  Viking  
  198  10:40  Siege Tank  
  198  10:41  Marine x7  
  198  10:42  Marine x4  
  194  10:47  Siege Tank  
  189  10:55  Viking  
  191  10:57  Viking  
  191  10:58  Marine x2  
  191  10:59  Command Center  
  191  11:03  Starport x2  
  195  11:06  Marine x6  
  190  11:12  Siege Tank  
  190  11:17  Marine x6  
  184  11:25  Medivac  
  186  11:27  Medivac  
  186  11:30  Command Center, Marine x3  
  186  11:31  Marine x3  
  186  11:32  Siege Tank  
  184  11:45  Marine x5  
  184  11:46  Marine  
  187  11:53  Starport Tech Lab x2  
Tags
 
Add a new tag
Caveats
  • Supply blocks, unpowered buildings, or Contaminate may cause inaccurate times.
  • Supply counts are checked every 10 seconds.